Lich, lawful female dwarven Valkyrie --- --- ---- --.| |.| |.. ------..| |.| |.. |.......| |.| +..- |..----.| |.| |..| --...||.| |.-----..| ---.--.---........| |...............| ---.--...----...| |.||...| +...| |.---..| |...| --..|--.----..@--+-- -....<| |...|...L....| -....--- |...|..#.....---- | -..... |...|-.............| ....--- |...--..|....#.....- ..... |.......|-............ ...... --------------...........- ....... ..........| -..--.| |..|.|.--- --- -- ------- Lich the Skirmisher Experience level: 4 Strength: 18 Dexterity: 12 Constitution: 17 Intelligence: 10 Wisdom: 8 Charisma: 10 Health: 0(89) Energy: 5(5) Def: 21 Gold: 0 Moves: 1048 Dungeon seed: jjwTmxhRpygAXanw Game ID: Lich_1520881983 Your Inventory: Weapons a - an uncursed corroded +1 long sword (weapon in hand) b - an uncursed +0 dagger Armor e - an uncursed +3 small shield (being worn) n - an uncursed rusty +0 scale mail (being worn) q - a cursed -1 pair of fumble boots (being worn) Comestibles c - an uncursed food ration g - an uncursed lichen corpse h - an uncursed pancake Scrolls j - a blessed scroll of identify k - a cursed scroll of stinking cloud Rings f - an uncursed ring of fire immunity (on left hand) Tools d - an uncursed oil lamp (0:1269) i - an uncursed towel Spells and supernatural/magical abilities: Name Level Category Fail Memory W - pray for help -- divine ? -- Your skills at the end: Fighting Skills wands [Basic] Weapon Skills dagger [Basic] long sword [Basic] Spellcasting Skills Final Attributes: You were immune to fire. You were immune to cold. You were immune to sleep. You were immune to poison. You were level-drain resistant. You were resistant to death magic. You fumbled. You had infravision. You were stealthy. You could survive without air. You regenerated. You were permanently polymorphed into a master lich. You could not change form. You are dead. Vanquished creatures: 2 kittens a wererat an acid blob a coyote 2 manes a large kobold 2 giant rats 2 geckos 2 kobolds a goblin 8 sewer rats 2 grid bugs 2 lichens a newt 28 creatures vanquished. Voluntary challenges: You were an atheist. You used a wielded weapon 32 times, starting on turn 99. You were illiterate. You never genocided any monsters. You never polymorphed an object. You never changed form. You used no wishes. You never split a pudding. You never wrote Elbereth's name. You violated your moral code, losing 35 points of alignment, starting on turn 124. Dungeon overview: The Dungeons of Doom: levels 1 to 2 Level 1 a long staircase Level 2 stairs to The Gnomish Mines The Gnomish Mines: levels 3 to 6 Level 3 stairs to The Dungeons of Doom Level 4 Level 5 Level 6 <- You were here some trees History has recorded: On T:1 you entered the Dungeons of Doom to retrieve the Amulet of Yendor! On T:124 you advanced to experience level 2. On T:159 you advanced to experience level 3. On T:272 you reached level 2 of The Dungeons of Doom. On T:396 you reached level 1 of The Gnomish Mines. On T:725 you reached level 2 of The Gnomish Mines. On T:795 you reached level 3 of The Gnomish Mines. On T:841 you advanced to experience level 4. On T:951 you reached level 4 of The Gnomish Mines. Score breakdown: Gold: 0 ( 0 points) Experience: 4 levels ( 9649 points) Exploration: 6 levels ( 11.54%) ( 9393 points) Discoveries: 0 items ( 0.00%) ( 0 points) Valuables value: (no points given unless you survive) Artifact value: 0 ( 0 points) Variety of kills: 14 monsters ( 3.68%) ( 5758 points) Turncount: 1048 turns ( 0 points) Survival: died (score multiplied by 80%) Total score: 19840 Latest messages: The watch captain hits! The watch captain swings her long sword at you. The watch captain misses. [2 turns] You hit the watch captain. The watch captain swings her long sword at you. The watch captain hits! The watch captain swings her long sword at you. The watch captain hits! Please move the cursor to an unknown object. A watch captain [seen: normal vision, infravision] on the floor of a room. Done. Please move the cursor to an unknown object. Done. You hit the watch captain! The watch captain swings her long sword at you. The watch captain hits! Final status: Farvel Lich the Valkyrie, killed by a watch captain, while stuck in monster form... You died in The Gnomish Mines on dungeon level 6 with 19840 points, and 0 pieces of gold, after 1048 moves. You were level 4 with a maximum of 39 hit points when you died.